 Dungeon Crawl Stone Soup version 0.27.0-1-g7a089689b8 (webtiles) character file.

Game seed: 6382441628095732398

28 Spaninq the Ducker (level 3, -1/17 HPs)
             Began as a Felid Abyssal Knight on Aug 9, 2021.
             Was a Follower of Lugonu.
             Slain by an adder (4 damage)
             ... on level 2 of the Dungeon.
             The game lasted 00:02:32 (1666 turns).

Spaninq the Ducker (Felid Abyssal Knight)           Turns: 1666, Time: 00:02:32

Health: -1/17      AC:  1    Str:  9    XL:     3   Next: 0%
Magic:  0/5        EV: 22    Int: 13    God:    Lugonu [*.....]
Gold:   20         SH:  0    Dex: 15    Spells: 2/2 levels left
                                        Lives:  0   Deaths: 0

rFire    . . .     SeeInvis +     - Unarmed
rCold    . . .     Faith    .   (shield unavailable)
rNeg     . . .     Spirit   +   (armour unavailable)
rPois    .         Reflect  .   (helmet unavailable)
rElec    .         Harm     .   (cloak unavailable)
rCorr    .         Rampage  .   (gloves unavailable)
Will     .....                  (boots unavailable)
Stlth    +.........             c - amulet of guardian spirit
HPRegen  0.05/turn              a - +4 ring of evasion
MPRegen  0.09/turn              (no ring)

@: quick
A: very small, claws 1, fangs 3, see invisible, speed 1, shaggy fur 1, stealthy
paws, no weapons or thrown items, no armour, multi-lived
a: Renounce Religion, Depart the Abyss


You were on level 2 of the Dungeon.
You worshipped Lugonu.
Lugonu was aware of your devotion.
You visited 1 branch of the dungeon, and saw 2 of its levels.
You visited the Abyss 1 time.

You collected 20 gold pieces.

Inventory:

Jewellery
 a - a +4 ring of evasion (left paw)
 c - an amulet of guardian spirit (around neck)
 d - a +6 ring of dexterity
Potions
 b - 2 potions of curing {unknown}


   Skills:
 + Level 3.2 Fighting
 + Level 3.6 Dodging
 * Level 2.6 Unarmed Combat
 + Level 2.1 Invocations


You had 2 spell levels left.
You didn't know any spells.
Your spell library was empty.

Dungeon Overview and Level Annotations

Branches:
Dungeon (2/15)

Altars:

Annotations:
D:2 Terence


Innate Abilities, Weirdness & Mutations

You have sharp claws.
You have razor-sharp teeth.
You have supernaturally acute eyesight. (SInv)
You cover ground quickly. (Speed+)
You are covered in fur. (AC +1)
Your paws help you pounce on unaware monsters.
You are incapable of wielding weapons or throwing items.
You cannot wear armour.
You gain extra lives every three experience levels.


Message History

Lugonu accepts your kill.
You have reached level 3!
Your experience leads to an increase in your attributes!
Increase (S)trength, (I)ntelligence, or (D)exterity?
You feel stronger.
There is an open door here.
There is a stone staircase leading down here.
You climb downwards.
Terence the Incautious comes into view.
He is wielding a +0 trident.
Found 8 gold pieces and a small silver ring.
There is a stone staircase leading up here.
Terence closely misses you.
You scratch Terence but do no damage. Terence barely misses you.
You scratch Terence.
Terence is lightly wounded.
Terence hits you with a +0 trident!
You barely miss Terence.
Terence is lightly wounded.
Terence hits you with a +0 trident!
* * * LOW HITPOINT WARNING * * *
Terence barely misses you.
There is a stone staircase leading up here.
You see here a +6 ring of dexterity.
d - a +6 ring of dexterity An adder comes into view.
Found a hand axe.
Found 10 bolts.
You pounce on the unaware helpless adder!
You claw the adder!
The adder is almost dead.
The adder bites you.
* * * LOW HITPOINT WARNING * * *
The adder closely misses you.
You scratch the adder.
The adder is almost dead.
The adder closely misses you.
You miss the adder.
The adder is almost dead.
The adder bites you.
You die...

.# ...#.....# .#
............# o#
#.....##....# .#
...........# #### .
#...#.....######### ...#
..#........@..@.....#
##.#
...).......#........####
.###....##@#......<.....
.......@S..#......$.###.
.#(.....#..#........#
#...#..#..#........# #.#
####..#........# #
...########## #.## ..#
#.#


You could see Terence and an adder.

Vanquished Creatures
  A dart slug (D:1)
  An orc (D:1)
  2 endoplasms (D:1)
  A giant cockroach (D:1)
  2 goblins (D:1)
  A hobgoblin (D:1)
  2 jackals (D:1)
  A quokka (D:1)
  4 ball pythons (D:1)
  4 bats (D:1)
  4 frilled lizards (D:1)
  2 rats (D:1)
25 creatures vanquished.

Notes
Turn   | Place    | Note
-------+----------+-------------------------------------------
     0 | Abyss:1  | Spaninq the Felid Abyssal Knight began the quest for the
                  | Orb.
     0 | Abyss:1  | Reached XP level 1. HP: 10/10 MP: 3/3
    45 | D:1      | Escaped the Abyss
   284 | D:1      | Reached XP level 2. HP: 14/14 MP: 4/4
  1589 | D:1      | Reached XP level 3. HP: 17/17 MP: 5/5
  1641 | D:2      | Noticed Terence
  1666 | D:2      | Slain by an adder

Illustrated notes

Levels and vault maps discovered:
D:1:      lightli_arrival_statuegarden, layout_basic
D:2:      layout_basic, minmay_misc_feat_pillars, uniq_terence

Skill      XL: |  1 |
---------------+----+-----
Invocations    | 2 |  2.1
Fighting       | |  3.2
Dodging        | |  3.6
Unarmed Combat | |  2.6

Action                   || total
-------------------------++-------
Melee: Unarmed           ||    81
       Punch             ||     2
       Bite              ||     4
  Use: Scroll            ||     1
 Stab: Sleeping          ||     2
Armor: Skin              ||     2
Dodge: Dodged            ||    73
